 Dungeon Crawl Stone Soup version 0.26-a0-658-gbdda728c12 (webtiles) character file.

Game seed: 5084364711401176647

23 tacoguy the Conjurer (level 2, -5/15 HPs)
             Began as a Deep Elf Conjurer on Oct 4, 2020.
             Killed by divine providence
             ... invoked by an orc priest
              (11 damage)
             ... on level 2 of the Dungeon.
             The game lasted 00:04:11 (5724 turns).

tacoguy the Conjurer (Deep Elf Conjurer)            Turns: 5724, Time: 00:04:12

Health: -5/15      AC:  3    Str:  2 (4)  XL:     2   Next: 72%
Magic:  1/8        EV: 12    Int: 19 (22) God:
Gold:   33         SH:  0    Dex: 11 (13) Spells: 5/7 levels left

rFire    . . .     SeeInvis .   (no weapon)
rCold    . . .     Faith    .   (no shield)
rNeg     . . .     Spirit   .   a - +1 robe
rPois    +         Reflect  .   (no helmet)
rElec    .         Harm     .   (no cloak)
rCorr    .         Rampage  .   (no gloves)
MR       .....                  (no boots)
Stlth    ++........             (no amulet)
HPRegen  0.05/turn              e - ring of poison resistance
MPRegen  0.11/turn              (no ring)

@: heavily drained
A: no striking features
a: no special abilities


You were on level 2 of the Dungeon.
You visited 1 branch of the dungeon, and saw 2 of its levels.

You collected 33 gold pieces.

Inventory:

Armour
 a - a +1 robe (worn)
Jewellery
 e - a ring of poison resistance (left hand)
Scrolls
 b - 2 scrolls of enchant armour
 d - 2 scrolls of remove curse {unknown}
 f - a scroll of identify
 h - a scroll of amnesia
Potions
 c - a potion of berserk rage


   Skills:
 + Level 2.5(1.1) Dodging
 + Level 2.6(1.1) Stealth
 + Level 3.2(1.7) Spellcasting
 + Level 5.1(3.5) Conjurations


You had 5 spell levels left.
You knew the following spells:

 Your Spells              Type           Power        Failure   Level
b - Searing Ray           Conj           ###...       6%          2

Your spell library contained the following spells:

 Spells                   Type           Power        Failure   Level
 Magic Dart               Conj           ###.         4%          1
 Dazzling Flash           Conj/Hex       #.....       26%         3
 Fulminant Prism          Conj/Hex       #.........   63%         4
 Iskenderun's Mystic Bla  Conj/Tloc      #.......     63%         4


Dungeon Overview and Level Annotations

Branches:
Dungeon (2/15)

Altars:


Message History

Beogh smites you!
Ouch! That really hurt!
The bat hits you but does no damage.
Casting: Searing Ray (safe; 6% risk of failure)
Confirm with . or Enter, or press ? or * to list all spells.
Aiming: Searing Ray (safe; 6% risk of failure)
Press: ? - help, Shift-Dir - straight line, f - bat
Aim: a bat The searing ray hits the bat!
You kill the bat! (Press . to maintain the ray.)
The searing ray hits the orc priest.
The orc priest is lightly wounded.
The searing ray hits the orc priest.
The orc priest is heavily wounded.
The orc priest hits you but does no damage.
The orc priest invokes the aid of Beogh against you.
Beogh smites you!
Ouch! That really hurt!
You die...

#.........
..........
#......... ..#.
#..)......
..#..
#.........
....##...".....
#..##.o.).....
#..##...†.....
#....@..#+####
#...)...#.#
#.......#.##
#.........(..
#†...........
#.............
#.............
#..........##.
####..###..# #.


You could see an orc priest.

Vanquished Creatures
  3 orcs (D:2)
  7 bats
  A giant cockroach (D:2)
  2 goblins
  A hobgoblin (D:1)
  2 kobolds (D:1)
  A ball python (D:1)
  A rat (D:1)
18 creatures vanquished.

Notes
Turn   | Place    | Note
-------+----------+-------------------------------------------
     0 | D:1      | tacoguy the Deep Elf Conjurer began the quest for the Orb.
     0 | D:1      | Reached XP level 1. HP: 10/10 MP: 6/6
   370 | D:1      | Reached XP level 2. HP: 15/15 MP: 5/8
   374 | D:1      | Learned a level 2 spell: Searing Ray
  5471 | D:1      | Touched by the power of Zot.
  5633 | D:2      | Reached skill level 5 in Conjurations
  5724 | D:2      | Killed from afar by an orc priest

Illustrated notes

Levels and vault maps discovered:
D:1:      matt_arrival_grand_opening, layout_basic, minmay_tetromino_i4
D:2:      layout_basic

Skill      XL: |  1  2 |
---------------+-------+-----
Conjurations   | 5 |  5.1
Dodging        | |  2.5
Stealth        | |  2.6
Spellcasting   | |  3.2

Action                   || total
-------------------------++-------
 Cast: Magic Dart        ||    16
       Searing Ray       ||    10
  Use: Potion            ||     4
       Scroll            ||     5
Armor: Robe              ||    15
Dodge: Dodged            ||    28

Table legend: (Time is in decaauts)
 A = Elapsed time spent in this place.
 B = Non-inter-level travel time spent in this place.
 C = Inter-level travel time spent in this place.
 D = Time resting spent in this place.
 E = Time spent auto-exploring this place.
 F = Levels seen in this place.
 G = Mean time per level.
                   A        B        C        D        E       F      G
               +--------+--------+--------+--------+--------+-----+--------+
         Total |   5733 |   5678 |     55 |   5284 |    248 |   2 | 2866.5 |
       Dungeon |   5733 |   5678 |     55 |   5284 |    248 |   2 | 2866.5 |
               +--------+--------+--------+--------+--------+-----+--------+

Top non-repeatable levels by time:
     D:1: 5497 daAuts
     D:2: 236 daAuts
